cohdb
Replays
Latest Replays
All Replays
Popular Replays
Top Player Replays
Match Explorer
How It Works
Community
CoH3 Stats
Reddit
Sign in to upload your games and track your stats! →
Sign in with Steam
Match 43899487
Unlisted
Match 43899487
Overview
Messages
Build Orders
End
Panzergrenadier Squad
250 Light Carrier
Panzergrenadier Squad
Construct Light Support Kompanie
Panzergrenadier Squad
2.5-tonne Medical Truck
Fire Support Elements
Selects Battlefield Espionage Battlegroup
Selects Battlefield Espionage Battlegroup
Selects Intel Disruption Beacon
Pak 38 Mechanized Group
Flakvierling Half-track
Selects 250/3 Funkpanzerwagen
Selects Anti-Tank Incendiary Munitions
Selects Transfer Depots
Veteran Squad Leaders
Forward Retreat Point
Construct Mechanized Kompanie
Tungsten Core Ammunition
8 Rad Armored Car
18-tonne Recovery Half-track
StuG III D Assault Gun
StuG III D Assault Gun
Panzergrenadier Squad
Marder III Tank Destroyer
Construct Panzerarmee Kommand
Emergency Repair Kits
Armored Reserves
Rapid Advance
Panzergrenadier Squad
Selects Plunder
Selects Firestorm
Firestorm
Tiger Heavy Tank
Marder III Tank Destroyer
Assault Grenadier Squad
k7Nd7uIsCFZz
Blackmilk
3079953101
徒步丽丽
DUI_Stryfe
N3mesis_
Serial Chiller
warlord
0
0
Comments
sign in to comment!
No comments posted yet!